 Dungeon Crawl Stone Soup version 0.19.1 (webtiles) character file.

69 Peloso the Skirmisher (level 4, -3/35 HPs)
             Began as a Demonspawn Fighter on Dec 18, 2016.
             Slain by a worm (7 damage)
             ... on level 2 of the Dungeon.
             The game lasted 00:04:21 (1272 turns).

Peloso the Skirmisher (Demonspawn Fighter)          Turns: 1272, Time: 00:04:22

Health: -3/35      AC: 12    Str: 15 (17) XL:     4   Next: 2%
Magic:  4/4        EV:  6    Int:  8 (10) God:
Gold:   80         SH:  8    Dex:  9 (12) Spells: 0 memorised, 3 levels left

rFire  . . .     SeeInvis .     a - +0 long sword
rCold  . . .     Gourm    .     b - +0 scale mail
rNeg   . . .     Faith    .     c - +0 shield
rPois  .         Spirit   .     (no helmet)
rElec  .         Reflect  .     (no cloak)
rCorr  .         Harm     .     (no gloves)
MR     .....                    (no boots)
Stlth  +.........               (no amulet)
                                (no ring)
                                (no ring)

@: sanguine armour
A: nightstalker 1, sanguine armour 1
a: no special abilities


You were on level 2 of the Dungeon.
You were not hungry.

You visited 1 branch of the dungeon, and saw 2 of its levels.

You collected 80 gold pieces.

Inventory:

Hand Weapons
 a - a +0 long sword (weapon)
Armour
 b - a +0 scale mail (worn)
 c - a +0 shield (worn)
Scrolls
 g - 2 scrolls of teleportation {unknown}
 k - a scroll of blinking {unknown}
 l - a scroll of identify {unknown}
 m - a scroll of noise {unknown}
Potions
 d - a potion of might
 e - 2 potions of flight {unknown}
 i - a potion of lignification {unknown}
Comestibles
 f - 2 bread rations
 h - a chunk of flesh
 j - a beef jerky


   Skills:
 + Level 3.3 Fighting
 + Level 2.7 Long Blades
 + Level 3.1 Armour
 + Level 0.1 Dodging
 + Level 3.2 Shields


You had 3 spell levels left.
You didn't know any spells.

Dungeon Overview and Level Annotations

Branches:
Dungeon (2/15)

Altars:
Makhleb
Nemelex Xobeh
Qazlal


Innate Abilities, Weirdness & Mutations

You are slightly more attuned to the shadows.
When seriously injured, your bleeding wounds create armour. (AC +6)


Message History

A worm comes into view.
Found a stone staircase leading down.
A worm is nearby!
You hit the worm but do no damage. You block the worm's attack.
You hit the worm.
The worm is lightly wounded.
The worm bites you!
You slash the worm!
The worm is heavily wounded.
You block the worm's attack.
You slash the worm!
The worm is almost dead.
The worm bites you!
* * * LOW HITPOINT WARNING * * *
You hit the worm.
The worm is almost dead.
You hit the worm but do no damage.
The worm is almost dead.
The worm bites you!
You die...

.....# .....# ####### #### .....#
#<....###... .....#
#######.....##..#. .....#
#...........#..### ##'#####.
#.####...>....#### .†.......###
#.# #...(...#+#.#
.#...........###.# #....).###._.
.############.>#@# #.......#'#.#
...............w.# #........####
.############..#....#.........###
.# #.....#.#....)..#..#. .#
#...### #.......##... .# #....
#.###.#.##### .# #.#.### #.
#.#.##### .# #..... . #........
.##############.###########...###


You could see a worm.

Vanquished Creatures
  An adder (D:2)
  2 oozes (D:2)
  A worm (D:2)
  A dart slug (D:2)
  2 giant cockroaches (D:2)
  4 hobgoblins
  4 jackals (D:1)
  5 kobolds
  A ball python (D:1)
  9 bats
  A frilled lizard (D:1)
  9 goblins
  6 rats
46 creatures vanquished.

Notes
Turn   | Place    | Note
-------+----------+-------------------------------------------
     0 | D:1      | Peloso the Demonspawn Fighter began the quest for the Orb.
     0 | D:1      | Reached XP level 1. HP: 18/18 MP: 1/1
   177 | D:1      | Gained mutation: When seriously injured, your bleeding wounds create armour. (AC +6) [demonic ancestry]
   177 | D:1      | Reached XP level 2. HP: 24/24 MP: 2/2
   751 | D:2      | Gained mutation: You are slightly more attuned to the shadows. [demonic ancestry]
   751 | D:2      | Reached XP level 3. HP: 29/29 MP: 3/3
   796 | D:2      | Found a burning altar of Makhleb.
  1050 | D:2      | Noticed an air elemental
  1051 | D:2      | Found a stormy altar of Qazlal.
  1061 | D:2      | Noticed a fire elemental
  1138 | D:2      | Noticed a water elemental
  1141 | D:2      | Noticed an earth elemental
  1216 | D:2      | Reached XP level 4. HP: 15/35 MP: 4/4
  1222 | D:2      | Found a sparkling altar of Nemelex Xobeh.
  1272 | D:2      | Slain by a worm

Skill      XL: |  1  2  3 |
---------------+----------+-----
Long Blades    | 2 |  2.7
Shields        | 3 |  3.2
Armour         | 3 |  3.1
Fighting       | |  3.3
Dodging        | |  0.1

Action                   |  1- 3 |  4- 6 || total
-------------------------+-------+-------++-------
Melee: Long sword        |   143 |     6 ||   149
  Use: Potion            |     1 |       ||     1
  Eat: Chunk             |     1 |     1 ||     2
Armor: Scale mail        |    88 |       ||    88
Dodge: Dodged            |    52 |       ||    52
Block: Shield            |    91 |     2 ||    93
       Rpst.: Long sword |    22 |       ||    22
